 Dungeon Crawl Stone Soup version 0.19-a0-1895-g783e625 (webtiles) character file.

5786 dvd the Zephyrmancer (level 10, -8/63 HPs)
             Began as a High Elf Air Elementalist on Oct 18, 2016.
             Was an Elder of Sif Muna.
             Mangled by a yak (16 damage)
             ... on level 8 of the Dungeon.
             The game lasted 00:37:06 (10419 turns).

dvd the Zephyrmancer (High Elf Air Elementalist)   Turns: 10419, Time: 00:37:07

Health: -8/63      AC:  5    Str:  8      XL:     10   Next: 50%
Magic:  10/21      EV: 14    Int: 24      God:    Sif Muna [****..]
Gold:   277        SH:  0    Dex: 14 (16) Spells: 6 memorised, 10 levels left

rFire  . . .     SeeInvis .     a - +5 short sword (elec)
rCold  + . .     Gourm    .     k - +0 robe
rNeg   . . .     Faith    .     (no shield)
rPois  +         Spirit   .     e - +2 hat
rElec  .         Reflect  .     (no cloak)
rCorr  .         Harm     .     I - +0 pair of gloves
MR     +....                    (no boots)
Stlth  +++.......               x - amulet of magic regeneration
                                C - ring of protection from cold
                                r - ring of poison resistance

@: repel missiles
A: antennae 1, clever 1, low mp 1
a: Divine Energy, Channel Magic, Forget Spell, Renounce Religion


You were on level 8 of the Dungeon.
You worshipped Sif Muna.
Sif Muna was greatly pleased with you.
You were not hungry.

You visited 2 branches of the dungeon, and saw 12 of its levels.

You collected 277 gold pieces.

Inventory:

Hand Weapons
 a - a +5 short sword of electrocution (weapon)
 f - a cursed -3 broad axe
 u - a +1 dagger of electrocution
 D - a +0 long sword
Armour
 e - a +2 hat (worn)
 k - a +0 robe (worn)
 I - a +0 pair of gloves (worn)
Jewellery
 g - a +4 ring of strength
 i - an uncursed ring of protection from cold
 r - a ring of poison resistance (left hand)
 x - an amulet of magic regeneration (around neck)
 y - an uncursed ring of ice
 C - a ring of protection from cold (right hand)
 G - a +4 ring of dexterity
Wands
 o - a wand of random effects (48/48)
 s - a wand of digging (0/24)
 E - a wand of iceblast (10/15)
 H - a wand of iceblast (6/15)
Scrolls
 d - 5 scrolls of magic mapping
 h - 8 scrolls of identify
 p - 3 scrolls of remove curse
 F - 2 scrolls of enchant armour
 J - a scroll of blinking
Potions
 j - a potion of mutation
 l - 2 potions of curing
 n - a potion of magic
 A - a potion of lignification
Books
 b - a book of Air

   Spells                             Type                      Level
   a - Shock                          Conjuration/Air              1
   b - Swiftness                      Charms/Air                   2
   c - Repel Missiles                 Charms/Air                   2
   d - Static Discharge               Conjuration/Air              3
   e - Lightning Bolt                 Conjuration/Air              5
 q - a book of Misfortune

   Spells                             Type                      Level
   a - Confusing Touch                Hexes                        1
   b - Confuse                        Hexes                        3
   c - Gell's Gravitas                Hexes/Translocation          3
   d - Petrify                        Transmutation/Earth          4
   e - Metabolic Englaciation         Hexes/Ice                    5
   f - Yara's Violent Unravelling     Hexes/Transmutation          5
 t - a book of Flames

   Spells                             Type                      Level
   a - Flame Tongue                   Conjuration/Fire             1
   b - Throw Flame                    Conjuration/Fire             2
   c - Conjure Flame                  Conjuration/Fire             3
   d - Inner Flame                    Hexes/Fire                   3
   e - Sticky Flame                   Conjuration/Fire             4
   f - Fireball                       Conjuration/Fire             5
 z - a book of Changes

   Spells                             Type                      Level
   a - Beastly Appendage              Transmutation                1
   b - Sticks to Snakes               Transmutation                2
   c - Spider Form                    Transmutation/Poison         3
   d - Ice Form                       Ice/Transmutation            4
   e - Blade Hands                    Transmutation                5
 B - the Reference Book on Fetching Combat Magic
   (You found it on level 7 of the Dungeon)

   Spells                             Type                      Level
   a - Confusing Touch                Hexes                        1
   b - Throw Flame                    Conjuration/Fire             2
   c - Inner Flame                    Hexes/Fire                   3
   d - Tukima's Dance                 Hexes                        3
   e - Leda's Liquefaction            Hexes/Earth                  4
   f - Spellforged Servitor           Conjuration/Summoning        7
Comestibles
 c - 9 bread rations
 m - 6 meat rations
 v - 7 chunks of flesh
 w - 2 fruits


   Skills:
 + Level 3.0 Fighting
 + Level 5.6 Short Blades
 + Level 4.2 Dodging
 + Level 5.5 Stealth
 + Level 8.9 Spellcasting
 + Level 6.9 Conjurations
 + Level 1.3 Hexes
 * Level 11.3 Air Magic


You had 10 spell levels left.
You knew the following spells:

 Your Spells              Type           Power        Failure   Level  Hunger
a - Shock                 Conj/Air       ####         1%          1    None
b - Repel Missiles        Chrm/Air       #####.       1%          2    None
c - Static Discharge      Conj/Air       ######..     1%          3    None
d - Lightning Bolt        Conj/Air       ######....   4%          5    ####...
e - Throw Flame           Conj/Fire      ####..       1%          2    None
f - Confuse               Hex            ###.....     12%         3    None


Dungeon Overview and Level Annotations

Branches:
Dungeon (11/15)            Temple (1/1) D:5            Lair (0/6) D:8
    Orc: D:9-12

Altars:
Ashenzari
Cheibriados
Dithmenos
Elyvilon
Fedhas
Gozag
Hepliaklqana
Kikubaaqudgha
Nemelex Xobeh
Okawaru
Qazlal
Ru
Sif Muna
Trog
Uskayaw
Xom
Yredelemnul
Zin
The Shining One

Annotations:
D:4 Raws's ghost, amateur HEAK
D:8 Amnesiac's ghost, novice VSEn


Innate Abilities, Weirdness & Mutations

You have a pair of small antennae on your head.
Your mind is acute. (Int +2)
Your magical capacity is low. (-10% MP)


Message History

* * * LOW HITPOINT WARNING * * *
The wraith hits you!
* * * LOW HITPOINT WARNING * * *
Unknown command.
Casting: Static Discharge
Confirm with . or Enter, or press ? or * to list all spells.
The yak is struck by lightning.
The yak is almost dead.
The lightning arcs!
The wraith is struck by lightning.
You destroy the wraith!
Sif Muna accepts your kill.
You feel your dexterity returning.
The lightning arcs!
The yak is struck by lightning.
The yak is almost dead.
The lightning grounds out.
The yak misses you.
Unknown command.
You barely miss the yak.
The yak is almost dead.
The yak gores you!
You die...

######..
#######.......
###.............
....W.....###.##
...######......#
#### ##.......##
##.........#
#.........Y##
#...........@##
#.......>.....#
..............#
.................
..............##
..(............
.$.............#
##
.....?..........
.#
#.............r


You could see a yak.

Vanquished Creatures
  A two-headed ogre (D:8)
  A hippogriff (D:10)
  A spriggan (D:7)
  A wraith (D:8)
  Eustachio (D:6)
  6 yaks
  Grum (D:8)
  3 black bears
  3 ice beasts
  2 sky beasts
  3 orc warriors
  A necrophage (D:6)
  2 wolves (D:8)
  A phantom (D:8)
  3 ogres
  3 centaurs
  6 bullfrogs
  A gnoll sergeant (D:5)
  Blork the orc (D:5)
  3 scorpions
  2 wights (D:5)
  7 crimson imps
  3 howler monkeys
  A bullfrog zombie (D:6)
  4 hounds
  A bullfrog skeleton (D:7)
  2 centaur skeletons
  A jelly (D:8)
  3 orc wizards
  2 orc priests (D:10)
  Jessica (D:2)
  10 worker ants
  A worker ant zombie (D:7)
  8 gnolls
  12 adders
  4 shadow imps
  3 oozes
  An adder zombie (D:6)
  7 worms (D:2)
  6 leopard geckos
  20 orcs
  12 bats
  10 giant cockroaches
  3 goblins
  9 hobgoblins
  3 jackals (D:8)
  4 quokkas
  4 frilled lizards
  A jackal skeleton (D:7)
  7 kobolds
  7 rats
203 creatures vanquished.

Notes
Turn   | Place    | Note
-------+----------+-------------------------------------------
     0 | D:1      | dvd the High Elf Air Elementalist began the quest for the Orb.
     0 | D:1      | Reached XP level 1. HP: 11/11 MP: 4/4
   282 | D:1      | Reached skill level 4 in Air Magic
   282 | D:1      | Reached XP level 2. HP: 17/17 MP: 0/6
  1021 | D:1      | Reached XP level 3. HP: 21/21 MP: 5/8
  1286 | D:2      | Learned a level 2 spell: Repel Missiles
  1346 | D:2      | Learned a level 3 spell: Static Discharge
  1790 | D:2      | Noticed Jessica
  1799 | D:2      | Killed Jessica
  1799 | D:2      | Reached skill level 5 in Air Magic
  1799 | D:2      | Reached XP level 4. HP: 25/27 MP: 1/9
  2225 | D:2      | Found a shimmering altar of Xom.
  2233 | D:2      | Found a blossoming altar of Fedhas.
  2233 | D:2      | Found a glowing golden altar of the Shining One.
  2235 | D:2      | Found a snail-covered altar of Cheibriados.
  2235 | D:2      | Found a shimmering altar of Xom.
  2235 | D:2      | Found a sacrificial altar of Ru.
  2792 | D:3      | Reached XP level 5. HP: 31/31 MP: 7/11
  3360 | D:4      | Noticed Raws's ghost (amateur HEAK)
  3719 | D:4      | Found a faded altar of an unknown god.
  3719 | D:4      | Found a faded altar of an unknown god.
  3719 | D:4      | Noticed an ogre
  3728 | D:4      | Killed an ogre
  3728 | D:4      | Reached XP level 6. HP: 27/36 MP: 3/13
  3802 | D:4      | Found a sacrificial altar of Ru.
  3808 | D:4      | Found a deep blue altar of Sif Muna.
  3809 | D:4      | Found a faded altar of an unknown god.
  3833 | D:4      | Became a worshipper of Sif Muna the Loreminder
  4003 | D:4      | Found a glowing golden altar of the Shining One.
  4066 | D:4      | Reached skill level 6 in Air Magic
  4139 | D:4      | Noticed an ice beast
  4159 | D:3      | HP: 1/36 [ice beast (4)]
  4161 | D:3      | Killed an ice beast
  4598 | D:5      | Entered Level 5 of the Dungeon
  4645 | D:5      | Reached XP level 7. HP: 25/41 MP: 12/15
  4654 | D:5      | Reached skill level 1 in Short Blades
  4876 | D:5      | Found a staircase to the Ecumenical Temple.
  4885 | Temple   | Entered the Ecumenical Temple
  5006 | D:5      | Learned a level 5 spell: Lightning Bolt
  5030 | D:5      | Reached skill level 5 in Spellcasting
  5176 | D:5      | Reached * piety under Sif Muna
  5196 | D:5      | Noticed Blork the orc
  5199 | D:5      | Reached skill level 1 in Fighting
  5199 | D:5      | Reached skill level 7 in Air Magic
  5201 | D:5      | Killed Blork the orc
  5610 | D:5      | Reached XP level 8. HP: 42/48 MP: 13/17
  5889 | D:5      | Found a bloodstained altar of Trog.
  6157 | D:6      | Reached skill level 5 in Conjurations
  6485 | D:6      | Reached skill level 8 in Air Magic
  6747 | D:6      | Noticed Eustachio
  6766 | D:6      | Reached ** piety under Sif Muna
  7100 | D:6      | Reached XP level 9. HP: 36/54 MP: 8/20
  7243 | D:6      | Reached skill level 9 in Air Magic
  8125 | D:6      | Killed Eustachio
  8125 | D:6      | Reached skill level 10 in Air Magic
  8281 | D:7      | Found a blossoming altar of Fedhas.
  8292 | D:7      | Identified the Reference Book on Fetching Combat Magic
  8517 | D:7      | Reached *** piety under Sif Muna
  8762 | D:7      | Reached skill level 5 in Short Blades
  8840 | D:7      | Found an ancient bone altar of Kikubaaqudgha.
  8954 | D:8      | Noticed Grum
  8964 | D:8      | Killed Grum
  8971 | D:8      | Gained mutation: Your mind is acute. (Int +2) [potion of mutation]
  8971 | D:8      | Gained mutation: You have a pair of small antennae on your head. [potion of mutation]
  8971 | D:8      | Gained mutation: Your magical capacity is low. (-10% MP) [potion of mutation]
  9055 | D:8      | Reached skill level 5 in Stealth
  9055 | D:8      | Reached XP level 10. HP: 61/61 MP: 16/20
  9159 | D:8      | Learned a level 2 spell: Throw Flame
  9163 | D:8      | Learned a level 3 spell: Confuse
  9381 | D:8      | Found a staircase to the Lair.
  9550 | D:8      | Reached skill level 11 in Air Magic
  9556 | D:8      | Noticed Amnesiac's ghost (novice VSEn)
  9922 | D:8      | You fall through a shaft for 3 floors!
  9968 | D:10     | Entered Level 10 of the Dungeon
 10185 | D:10     | Reached **** piety under Sif Muna
 10198 | D:10     | Reached skill level 1 in Hexes
 10419 | D:8      | Mangled by a yak

Vault maps used:
D:1:      wheals_arrival_linesprint, serial_bayou_crossing
D:2:      doesnt_xom_only_xom, minmay_misc_feat_cross, uniq_jessica
D:4:      chequers_temple_overflow_minitemple, first_bread,
          minmay_misc_feat_diagonals, tso_altar
D:5:      lightli_temple_of_fire, sword_in_stone
D:6:      uniq_eustachio
D:7:      overflow_temple_1_default, basic_altar, the_bakery
D:8:      dpeg_oklobed_lair, uniq_grum
D:9:      makhleb_grotto_becter, kennysheep_little_box, dk_noncrumbling_3,
          serial_park_tiny_1, kennysheep_windowed_goal
D:10:     grunt_gozag_statues
D:11:     uniq_erica, uniq_snorg
Temple:   nicolae_temple_god_jail

Skill      XL: |  1  2  3  4  5  6  7  8  9 10 |
---------------+-------------------------------+-----
Air Magic      | 4 5 6 7 8 10 11 | 11.3
Spellcasting   | 3 4 5 6 8 |  8.9
Conjurations   | 2 3 4 5 6 |  6.9
Stealth        | 3 4 5 |  5.5
Short Blades   | 2 4 5 |  5.6
Fighting       | 1 2 3 |  3.0
Dodging        | 3 4 |  4.2
Hexes          | 1 |  1.3

Action                   |  1- 3 |  4- 6 |  7- 9 | 10-12 || total
-------------------------+-------+-------+-------+-------++-------
Melee: Dagger            |    14 |     9 |       |       ||    23
       Unarmed           |     2 |       |       |       ||     2
       Short sword       |       |    13 |   109 |    51 ||   173
 Cast: Shock             |    75 |   101 |   109 |    25 ||   310
       Static Discharge  |     1 |    10 |    46 |    19 ||    76
       Repel Missiles    |     1 |       |       |     1 ||     2
       Lightning Bolt    |       |       |     6 |     8 ||    14
       Confuse           |       |       |       |     7 ||     7
       Throw Flame       |       |       |       |     7 ||     7
  Use: Potion            |       |     1 |     7 |     1 ||     9
       Scroll            |       |       |    14 |     1 ||    15
 Stab: Sleeping          |     2 |     2 |     6 |     1 ||    11
       Distracted        |       |       |       |     1 ||     1
       Confused          |       |       |       |     1 ||     1
  Eat: Chunk             |     3 |     8 |    12 |     4 ||    27
       Meat ration       |       |       |     1 |       ||     1
       Pizza             |       |       |       |     1 ||     1
Armor: Robe              |     9 |     6 |    12 |    12 ||    39
Dodge: Dodged            |    16 |    34 |   100 |    50 ||   200
       Deflected         |       |       |     1 |       ||     1
